 Dungeon Crawl Stone Soup version 0.26-a0-651-gb41185065b (webtiles) character file.

Game seed: 12660415887616831783

70 kae the Ruffian (level 4, -6/35 HPs)
             Began as a Draconian Transmuter on Oct 12, 2020.
             Mangled by a gnoll
             ... wielding a cursed -1 halberd
              (11 damage)
             ... on level 2 of the Dungeon.
             The game lasted 00:00:57 (1682 turns).

kae the Ruffian (Draconian Transmuter)              Turns: 1682, Time: 00:00:57

Health: -6/35      AC:  5    Str: 13    XL:     4   Next: 4%
Magic:  7/7        EV: 12    Int: 14    God:
Gold:   58         SH:  0    Dex: 11    Spells: 1/7 levels left

rFire    . . .     SeeInvis .     - Unarmed
rCold    . . .     Faith    .   (no shield)
rNeg     . . .     Spirit   .   (armour unavailable)
rPois    .         Reflect  .   (helmet restricted)
rElec    +         Harm     .   (no cloak)
rCorr    .         Rampage  .   (no gloves)
MR       .....                  (no boots)
Stlth    ++........             (no amulet)
HPRegen  0.11/turn              (no ring)
MPRegen  0.10/turn              (no ring)

@: lethally poisoned (-6 -> -10)
A: unfitting armour, camouflage 1, electricity resistance, evolution 1, no
potion heal 1, cold-blooded, AC +5
a: no special abilities


You were on level 2 of the Dungeon.
You visited 1 branch of the dungeon, and saw 2 of its levels.

You collected 58 gold pieces.

Inventory:

Scrolls
 a - a scroll of identify
 c - 2 scrolls of teleportation


   Skills:
 - Level 1.1 Fighting
 - Level 1.7 Dodging
 * Level 4.4 Unarmed Combat
 - Level 2.0 Spellcasting
 + Level 2.9 Transmutations


You had one spell level left.
You knew the following spells:

 Your Spells              Type           Power        Failure   Level
a - Beastly Appendage     Tmut           #.....       7%          1
b - Wereblood             Tmut           #.......     11%         2
c - Spider Form           Tmut/Pois      #.........   36%         3

Your spell library contained the following spells:

 Spells                   Type           Power        Failure   Level
 Confusing Touch          Hex            #.......     56%         3
 Gell's Gravitas          Tloc           #.........   56%         3
 Ice Form                 Ice/Tmut       #.......     78%         4
 Petrify                  Tmut/Erth      #.......     78%         4
 Blade Hands              Tmut           #.........   89%         5
 Yara's Violent Unravell  Hex/Tmut       #.........   98%         5
 Metabolic Englaciation   Hex/Ice        #.........   100%        5


Dungeon Overview and Level Annotations

Branches:
Dungeon (2/15)

Altars:


Innate Abilities, Weirdness & Mutations

Your plain brown scales are hard. (AC +5)
You cannot fit into any form of body armour.
You are cold-blooded and may be slowed by cold attacks.
Your skin changes colour to match your surroundings (Stealth+).
You are resistant to electric shocks. (rElec)
You evolve.
Potions are less effective at restoring your health.


Message History

The gnoll shouts!
You tail-slap the adder.
You kill the adder!
You have reached level 4!
You feel clever.
The gnoll hits you from afar with a cursed -1 halberd.
* * * LOW HITPOINT WARNING * * *
* * * LOW HITPOINT WARNING * * *
You feel sick.
* * * LOW HITPOINT WARNING * * *
You feel sick.
It was a potion of mutation.
You feel extremely strange.
You feel insulated.
Your system partially rejects the healing effects of potions.
Your skin functions as natural camouflage.
You feel nature experimenting on you.
Don't worry, failures die fast.
* * * LOW HITPOINT WARNING * * *
You feel sick.
The gnoll hits you from afar with a cursed -1 halberd!
You die...

.l. #g# #g# #g#
####l#####.# #..........#
.# #.##g####### .# #.##.#
#.# #.##@# ############.#
#.##.# #............#
#.##.# #.#########..#
#.##.# #.# ##.#..# #.##.#
#.# ##.#...#
#####.##.###.#####.###..#
#.....#...........## ##.#
#.#####..###.##....###†.#
#........###.##.###.#)..#


You could see 3 gnolls, a goblin and a frilled lizard.

Vanquished Creatures
  4 adders (D:2)
  A worm (D:2)
  3 dart slugs (D:1)
  2 leopard geckos (D:1)
  3 bats (D:1)
  4 goblins (D:1)
  2 hobgoblins
  4 kobolds (D:1)
  A frilled lizard (D:1)
  3 rats
27 creatures vanquished.

Notes
Turn   | Place    | Note
-------+----------+-------------------------------------------
     0 | D:1      | kae the Draconian Transmuter began the quest for the Orb.
     0 | D:1      | Reached XP level 1. HP: 16/16 MP: 3/3
    48 | D:1      | You fall into a shaft and drop 1 floor!
   417 | D:1      | Reached XP level 2. HP: 12/23 MP: 3/5
  1224 | D:1      | Reached XP level 3. HP: 25/28 MP: 4/6
  1359 | D:2      | Reached skill level 4 in Unarmed Combat
  1659 | D:2      | Learned a level 2 spell: Wereblood
  1663 | D:2      | Learned a level 3 spell: Spider Form
  1677 | D:2      | Reached XP level 4. HP: 12/35 MP: 7/7
  1682 | D:2      | Gained mutation: You are resistant to electric shocks.
                  | (rElec) [potion of mutation]
  1682 | D:2      | Gained mutation: Potions are less effective at restoring
                  | your health. [potion of mutation]
  1682 | D:2      | Gained mutation: Your skin changes colour to match your
                  | surroundings (Stealth+). [potion of mutation]
  1682 | D:2      | Gained mutation: You evolve. [potion of mutation]
  1682 | D:2      | Mangled by a gnoll

Illustrated notes

Levels and vault maps discovered:
D:1:      saegor_arrival_under_anarchy, layout_basic
D:2:      layout_loops_ring, nicolae_overflow_hidden_temple

Skill      XL: |  1  2  3 |
---------------+----------+-----
Unarmed Combat | 4 |  4.4
Fighting       | |  1.1
Dodging        | |  1.7
Spellcasting   | |  2.0
Transmutations | |  2.9

Action                   |  1- 3 |  4- 6 || total
-------------------------+-------+-------++-------
Melee: Unarmed           |    96 |       ||    96
       Tailslap          |    10 |       ||    10
       Kick              |     6 |       ||     6
       Headbutt          |     4 |       ||     4
 Cast: Beastly Appendage |    12 |       ||    12
  Use: Scroll            |     4 |       ||     4
       Potion            |       |     1 ||     1
Armor: Skin              |    22 |       ||    22
Dodge: Dodged            |    62 |       ||    62

Table legend: (Time is in decaauts)
 A = Elapsed time spent in this place.
 B = Non-inter-level travel time spent in this place.
 C = Inter-level travel time spent in this place.
 D = Time resting spent in this place.
 E = Time spent auto-exploring this place.
 F = Levels seen in this place.
 G = Mean time per level.
                   A        B        C        D        E       F      G
               +--------+--------+--------+--------+--------+-----+--------+
         Total |   1676 |   1626 |     50 |      3 |   1410 |   2 |  838.0 |
       Dungeon |   1676 |   1626 |     50 |      3 |   1410 |   2 |  838.0 |
               +--------+--------+--------+--------+--------+-----+--------+

Top non-repeatable levels by time:
     D:1: 1310 daAuts
     D:2: 366 daAuts
